AoeStats
← OmarRisLoz

Arabia

509721019Analyzed
1v1 RM · 5d ago on Sep 27, 2026· 46m 34s· 2 players
Game mode
Random Map
Map size
Tiny (2 player)
Population
200
Speed
Normal
Resources
Standard
Victory
Conquest
Starting age
Dark Age
Ending age
Imperial Age
RankedLock teamsTeams togetherTeam positionsShared explorationLock speedFull tech treeHidden civsTurbo modeCheats
Victory
Defeat
🇨🇿 Bohemians · Czechia
1109
+15
🇲🇽 Aztecs · Mexico
1085
-15
OmarRisLoz
10:13 Feudal Age
8:40 Loom
12:16 Double-Bit Axe
18:30 Castle Age
17:00 Fletching
16:59 Horse Collar
17:41 Padded Archer Armor
19:47 Wheelbarrow
18:46 Crossbowman
20:27 Bodkin Arrow
22:32 Leather Archer Armor
23:24 Ballistics
24:07 Bow Saw
31:05 Imperial Age
28:38 Heavy Plow
28:04 Eagle Warrior
29:15 Scale Mail Armor
29:43 Gambesons
30:02 Squires
30:22 Chain Mail Armor
33:01 Chemistry
32:13 Bracer
32:26 Arbalester
34:21 Plate Mail Armor
35:19 Elite Eagle Warrior
38:10 Forging
39:25 Gold Mining
39:29 Stone Mining
40:12 Crop Rotation
40:52 Iron Casting
43:26 Garland Wars
44:50 Conscription
45:16 Gold Shaft Mining
46:21 Atlatl
Steklac
7:50 Loom
10:20 Feudal Age
11:11 Double-Bit Axe
20:11 Castle Age
20:16 Castle Age
18:42 Horse Collar
18:55 Fletching
19:06 Scale Mail Armor
19:11 Padded Archer Armor
21:08 Forging
23:10 Chemistry
26:35 Light Cavalry
27:38 Elite Skirmisher
28:14 Bodkin Arrow
30:04 Atonement
30:17 Fervor
34:30 Imperial Age
34:34 Wheelbarrow
33:44 Town Watch
34:26 Ballistics
34:02 Murder Holes
34:17 Masonry
34:34 Bow Saw
34:27 Heavy Plow
35:37 Conscription
35:20 Bracer
35:35 Husbandry
42:27 Leather Archer Armor
42:48 Iron Casting
42:19 Scale Barding Armor
42:27 Cavalier
43:30 Sanctity
42:53 Elite Hussite Wagon
45:13 Two-Man Saw
45:16 Siege Engineers
45:23 Fortified Wall
46:13 Hand Cart
Connection lost

Rejoining the realm…

Still unreachable

The connection could not be restored.

Session expired

The server has moved on; the page needs a fresh start.